 Dungeon Crawl Stone Soup version 0.29.0-11-gd7f09526c8 (webtiles) character file.

Game seed: 3557252480448552930

4324 Ijustatesigmund the Nimble (level 10, -4/86 HPs)
             Began as a Minotaur Monk on Sept 2, 2022.
             Was an Elder of Okawaru.
             Killed from afar by an efreet (21 damage)
             ... with a fireball
             ... in the Arena.
             The game lasted 00:16:53 (9744 turns).

Ijustatesigmund the Nimble (Minotaur Monk)          Turns: 9744, Time: 00:16:53

Health: -4/86      AC: 12    Str: 19    XL:     10   Next: 11%
Magic:  15/24      EV: 17    Int:  7    God:    Okawaru [****..]
Gold:   385        SH:  0    Dex: 14    Spells: 8/9 levels left

rFire   . . .      SeeInvis .   t - +1 hand axe (elec)
rCold   . . .      Faith    .   (no shield)
rNeg    . . .      Spirit   .   b - +3 ring mail
rPois   .          Reflect  .   (helmet restricted)
rElec   .          Harm     .   n - scarf {repulsion}
rCorr   .          Rampage  .   h - +1 pair of gloves
Will    .....                   (no boots)
Stlth   +++.......              (no amulet)
HPRegen 0.24/turn               u - ring of wizardry
MPRegen 0.19/turn               p - ring of magical power

@: heroic, repel missiles, duelling
A: horns 2, retaliatory headbutt
a: Renounce Religion, Heroism, Finesse


You were in the Arena.
You worshipped Okawaru.
Okawaru was greatly pleased with you.
You visited 2 branches of the dungeon, and saw 10 of its levels.
You visited the Abyss 1 time.

You collected 565 gold pieces.
You spent 180 gold pieces at shops.

Inventory:

Hand Weapons
 a - a +0 hand axe of freezing
 g - a +0 war axe
 t - a +1 hand axe of electrocution (weapon)
 w - a +1 flail
Armour
 b - a +3 ring mail (worn)
 h - a +1 pair of gloves (worn)
 n - a scarf of repulsion (worn)
Jewellery
 p - a ring of magical power (right hand)
 u - a ring of wizardry (left hand)
Wands
 m - a wand of flame (53)
 v - a wand of quicksilver (12)
Scrolls
 q - a scroll of blinking
 s - a scroll of enchant armour
 y - 3 scrolls of immolation
 A - 2 scrolls of identify
Potions
 c - 3 potions of ambrosia
 d - a potion of haste
 e - 2 potions of attraction
 f - a potion of brilliance
 i - 7 potions of curing
 j - a potion of resistance
 k - 3 potions of flight
 l - a potion of magic
 o - 2 potions of degeneration {unknown}
 r - a potion of might {unknown}
 x - a potion of invisibility {unknown}
 z - a potion of cancellation {unknown}
 B - a potion of lignification {unknown}


   Skills:
 - Level 7.4(12.4) Fighting
 - Level 7.5(12.5) Axes
 - Level 5.6(10.6) Armour
 - Level 8.6(13.6) Dodging
 - Level 1.5(6.5) Stealth
 + Level 2.2 Transmutations
 + Level 8.5 Invocations


You had 8 spell levels left.
You knew the following spells:

 Your Spells              Type           Power      Damage    Failure   Level
a - Beastly Appendage     Tmut           6%         N/A       12%         1

Your spell library contained the following spells:

 Spells                   Type           Power      Damage    Failure   Level
 Ignite Poison            Fire/Tmut/Pois 1%         N/A       52%         3
 Conjure Flame            Conj/Fire      0%         6-21      61%         3
 Mephitic Cloud           Conj/Pois/Air  0%         N/A       61%         3
 Ice Form                 Ice/Tmut       1%         N/A       85%         4
 Hailstorm                Conj/Ice       0%         3d3       93%         4
 Sticky Flame             Conj/Fire      0%         2d3       93%         4
 Freezing Cloud           Conj/Ice/Air   0%         6-21      99%         5
 Animate Armour           Summ/Erth      Unusable   N/A       N/A         4
 Simulacrum               Ice/Necr       Unusable   N/A       N/A         6
 Summon Cactus Giant      Summ           Unusable   N/A       N/A         6
 Haunt                    Necr/Summ      Unusable   N/A       N/A         7

Dungeon Overview and Level Annotations

Branches:
Dungeon (9/15)             Temple (1/1) D:5
   Lair: D:8-11         Orc: D:9-12

Altars:
Ashenzari
Cheibriados
Dithmenos
Elyvilon
Fedhas
Gozag
Hepliaklqana
Kikubaaqudgha
Makhleb
Nemelex Xobeh
Okawaru
Qazlal
Ru
Sif Muna
Trog
Uskayaw
Vehumet
Wu Jian
Yredelemnul
Zin
The Shining One

Shops:
D:6 (*(?=

Annotations:
D:8 2 transporters, exclusion: 2 ice statues, kwasso's ghost, novice VSFi
D:9 Erolcha


Innate Abilities, Weirdness & Mutations

You have a pair of horns on your head.
You reflexively headbutt those who attack you in melee.


Message History

The thrashing horror closely misses you.
The thrashing horror tramples you but does no damage.
The thrashing horror tramples you.
You stumble backwards!
A wraith comes into view.
The thrashing horror roars!
The thrashing horror tramples you but does no damage.
The thrashing horror completely misses you.
You hit the thrashing horror.
The thrashing horror is lightly damaged.
The thrashing horror barely misses you.
The thrashing horror completely misses you.
The thrashing horror tramples you.
You stumble backwards!
You hit the thrashing horror.
Your headbutt misses the thrashing horror.
The thrashing horror is lightly damaged.
You barely miss the efreet.
You feel like a meek peon again. The thrashing horror barely misses you.
The thrashing horror closely misses you.
Okay, then.
Aiming: Duel (28% risk of failure)
Press: ? - help, Dir - move target, f - efreet
Aim: an efreet, wielding a +0 scimitar of flaming You enter into single combat with the efreet!
You enter Okawaru's Arena!
You can no longer enter into single combat with a foe.
Okawaru will no longer gift you equipment.
The spectator shouts! x6
The efreet gestures at you.
The fireball explodes!
The fireball engulfs you!!
* * * LOW HITPOINT WARNING * * *
The fireball engulfs the efreet.
The efreet completely resists.
Found a gate leading back out of this place.
There is an empty arch of ancient stone here.
Okay, then.
You gain the combat prowess of a mighty hero.
The efreet gestures at you.
The fireball explodes!
The fireball engulfs you!!
You die...
Okawaru crowns the efreet victorious!

###############
#p.▓.p▓∩▓p.▓.p#
#▓▓▓▓▓▓▓▓▓▓▓▓▓#
#.............#
#.8....@....8.#
#......R......#
#▓▓▓▓▓▓▓▓▓▓▓▓▓#
#..pp..▓..pp..#
###############


You could see an efreet.

Vanquished Creatures
  A two-headed ogre (D:8)
  Joseph (D:8)
  A steam dragon (D:8)
  3 water moccasins
  4 black bears
  2 orc warriors
  2 sky beasts (D:6)
  2 ice beasts
  2 centaurs
  A phantom (D:5)
  A kobold brigand (D:6)
  A bullfrog (D:7)
  2 necrophages
  2 scorpions
  7 wights
  5 howler monkeys (D:7)
  4 hounds
  5 orc priests
  A gnoll bouda (D:6)
  6 iguanas
  7 orc wizards
  2 adders
  14 gnolls
  A shadow imp (D:6)
  A white imp (D:6)
  An ufetubus (D:7)
  3 dart slugs
  23 orcs
  4 bats
  5 endoplasms
  A giant cockroach (D:2)
  4 goblins
  6 hobgoblins
  12 kobolds
  2 quokkas
  3 ball pythons
  5 frilled lizards
  5 rats
152 creatures vanquished.

Vanquished Creatures (others)
  A vampire (D:8)
  A steam dragon (D:8)
  A bullfrog (D:8)
  An orc (D:8)
  13 plants (D:3)
17 creatures vanquished.

Grand Total: 169 creatures vanquished

Notes
Turn   | Place    | Note
-------+----------+-------------------------------------------
     0 | D:1      | Ijustatesigmund the Minotaur Monk began the quest for the
                  | Orb.
     0 | D:1      | Reached XP level 1. HP: 19/19 MP: 0/0
   670 | D:1      | Reached XP level 2. HP: 22/27 MP: 1/1
   850 | D:1      | Found a faded altar of an unknown god.
  1630 | D:2      | Reached XP level 3. HP: 34/34 MP: 2/2
  2721 | D:4      | Found a sparkling altar of Nemelex Xobeh.
  2838 | D:3      | Reached skill level 1 in Armour
  2838 | D:3      | Reached XP level 4. HP: 35/41 MP: 3/3
  2845 | D:3      | Reached skill level 5 in Fighting
  2845 | D:3      | Reached skill level 5 in Axes
  3142 | D:3      | Reached XP level 5. HP: 25/48 MP: 4/4
  4213 | D:5      | Entered Level 5 of the Dungeon
  4221 | D:5      | Reached XP level 6. HP: 57/57 MP: 5/5
  4273 | D:5      | Noticed a water moccasin
  4286 | D:5      | Killed a water moccasin
  4648 | D:5      | Found a staircase to the Ecumenical Temple.
  4667 | Temple   | Entered the Ecumenical Temple
  4860 | Temple   | Became a worshipper of Warmaster Okawaru
  4860 | Temple   | Reached * piety under Okawaru
  4860 | Temple   | Reached ** piety under Okawaru
  4912 | D:5      | Noticed an ice beast
  4923 | D:5      | Killed an ice beast
  4924 | D:5      | Reached skill level 1 in Invocations
  4924 | D:5      | Reached XP level 7. HP: 64/64 MP: 3/6
  5407 | D:6      | Found Ucocem's Assorted Antiques.
  5476 | D:6      | Bought a scroll labelled TEUT RATUKKU for 26 gold pieces
  5476 | D:6      | Bought a fizzy emerald potion for 23 gold pieces
  5476 | D:6      | Bought a scroll labelled BUMIKE KEIN for 26 gold pieces
  5567 | D:6      | Reached skill level 5 in Armour
  5698 | D:6      | Reached XP level 8. HP: 73/73 MP: 7/9
  5729 | D:6      | Found Yraangos's Jewellery Emporium.
  5804 | D:6      | Found Woruas's Magic Scroll Shop.
  5811 | D:6      | Bought a scroll of blinking for 105 gold pieces
  5847 | D:6      | Found Yrphaps's Antique Weapon Shop.
  6313 | D:6      | Found Plog's Antique Weapon Shop.
  6469 | D:6      | Reached *** piety under Okawaru
  6848 | D:7      | Reached skill level 5 in Dodging
  7146 | D:7      | Reached skill level 5 in Invocations
  7203 | D:7      | Reached **** piety under Okawaru
  7204 | D:7      | Reached XP level 9. HP: 79/79 MP: 12/12
  7919 | D:8      | Identified the +1 mace of Success {vorpal, rElec}
  7922 | D:8      | Found a transporter.
  7937 | D:8      | Noticed a centaur warrior
  7937 | D:8      | Noticed an ice statue
  7949 | D:8      | Noticed an efreet
  7954 | D:8      | Found a transporter.
  7956 | D:8      | Noticed kwasso's ghost (novice VSFi)
  7990 | D:8      | Noticed a two-headed ogre
  8000 | D:8      | Killed a two-headed ogre
  8166 | D:8      | Noticed an ice statue
  8570 | D:8      | Reached ***** piety under Okawaru
  8877 | D:8      | Got the Reference Book on Convocation and Changing
  8880 | D:8      | Learned a level 1 spell: Beastly Appendage
  8983 | D:8      | Noticed Joseph
  8996 | D:8      | Killed Joseph
  8997 | D:8      | Reached skill level 1 in Transmutations
  9335 | D:8      | Reached XP level 10. HP: 70/86 MP: 15/15
  9682 | D:9      | Noticed Erolcha
  9701 | Abyss:1  | Cast into level 1 of the Abyss (Erolcha)
  9719 | Abyss:1  | Noticed a thrashing horror
  9743 | Arena    | Entered the Arena
  9744 | Arena    | Killed from afar by an efreet

Illustrated notes

Levels and vault maps discovered:
D:1:      lemuel_arrival_hallway, layout_loops_ring,
          ebering_ecumenical_altar_abandoned
D:2:      layout_basic, minmay_cupped
D:3:      layout_rooms, chequers_serial_rivers_small_a, nicolae_grassy_gnolls
D:4:      layout_loops_ring, nemelex_xobeh_ov_fountains_minmay
D:5:      layout_basic, minmay_temple_entry_waves
D:6:      layout_loops_ring, serial_shops, kennysheep_mini, shop_coins, shop,
          nicolae_shop_statue_plus, nicolae_shop_waterfront,
          minmay_misc_feat_encased
D:7:      layout_loops_ring
D:8:      layout_basic, nzn_ghost_randoct, dreamdust_deal_with_the_devil,
          st_stairs_9, skrybe_limestone_x, chequers_serial_rivers_micro_c,
          grunt_ministairs_2, uniq_joseph
D:9:      layout_gridville, kennysheep_orc_monster_closet_entryway,
          serial_co_window_serial, co_window_of_opportunity_a,
          co_window_corner_a, co_window_of_opportunity_a, co_window_paths_a,
          co_window_of_opportunity_a, co_window_paths_a,
          co_window_of_opportunity_a, co_window_broadway_b,
          co_window_broadway_c, co_window_unsneaky_path_a, co_window_broadway_a,
          co_window_unsneaky_path_c, co_window_corner_b, co_window_4corner_b,
          uniq_erolcha
Temple:   nicolae_temple_slightly_damp_pantheon
Arena

Skill      XL: |  1  2  3  4  5  6  7  8  9 10 |
---------------+-------------------------------+-----
Fighting       | 4 5 6 7 |  7.4
Axes           | 4 5 6 7 |  7.5
Armour         | 1 2 3 4 5 |  5.6
Invocations    | 1 2 5 8 |  8.5
Dodging        | 6 8 |  8.6
Transmutations | 1 2 |  2.2
Stealth        | |  1.5

Action                   |  1- 3 |  4- 6 |  7- 9 | 10-12 || total
-------------------------+-------+-------+-------+-------++-------
Melee: Hand axe          |    80 |   107 |   298 |    46 ||   531
       Headbutt          |    12 |    19 |    68 |     7 ||   106
       Punch             |       |     1 |     5 |       ||     6
Invok: Heroism           |       |     1 |     3 |     2 ||     6
       Finesse           |       |       |       |     1 ||     1
       Duel              |       |       |       |     1 ||     1
Evoke: Wand              |       |       |     2 |       ||     2
  Use: Scroll            |     8 |     5 |     6 |       ||    19
       Potion            |       |       |     1 |       ||     1
 Stab: Sleeping          |     5 |       |       |       ||     5
       Distracted        |       |       |     1 |       ||     1
Armor: Robe              |    11 |       |       |       ||    11
       Ring mail         |     7 |    23 |    50 |     9 ||    89
       Chain mail        |       |    16 |   118 |       ||   134
Dodge: Dodged            |    50 |    47 |   129 |    38 ||   264
       Repelled          |       |     2 |       |       ||     2
